 Dungeon Crawl Stone Soup version 0.22-a0-271-gc000056 (webtiles) character file.

331 b5mith the Slasher (level 6, -3/56 HPs)
             Began as a Minotaur Berserker on Mar 10, 2018.
             Was a Believer of Trog.
             Killed by divine providence
             ... invoked by an orc priest
              (11 damage)
             ... on level 5 of the Dungeon.
             The game lasted 00:06:31 (2975 turns).

b5mith the Slasher (Minotaur Berserker)             Turns: 2975, Time: 00:06:32

Health: -3/56      AC:  6    Str: 23    XL:     6   Next: 26%
Magic:  5/5        EV: 12    Int:  4    God:    Trog [**....]
Gold:   203        SH:  0    Dex: 10    Spells: 5/5 levels left

rFire    . . .     SeeInvis .   a - +0 falchion
rCold    + . .     Gourm    .   (no shield)
rNeg     + . .     Faith    .   n - +0 ring mail
rPois    .         Spirit   .   (helmet restricted)
rElec    .         Reflect  .   (no cloak)
rCorr    .         Harm     .   (no gloves)
MR       .....                  (no boots)
Stlth    ..........             (no amulet)
HPRegen  0.18/turn              l - ring of positive energy
MPRegen  0.09/turn              o - ring of protection from cold

@: berserk cooldown, slowed, very slow
A: retaliatory headbutt, horns 2
a: Berserk, Trog's Hand, Renounce Religion


You were on level 5 of the Dungeon.
You worshipped Trog.
Trog was pleased with you.
You were hungry.

You visited 1 branch of the dungeon, and saw 5 of its levels.

You collected 203 gold pieces.

Inventory:

Hand Weapons
 a - a +0 falchion (weapon)
Armour
 b - a +0 animal skin
 n - a +0 ring mail (worn)
Jewellery
 l - a ring of positive energy (left hand)
 o - a ring of protection from cold (right hand)
Scrolls
 f - 6 scrolls of identify {unknown}
 g - a scroll of immolation {unknown}
 h - 2 scrolls of magic mapping {unknown}
 i - 2 scrolls of remove curse {unknown}
 j - a scroll of enchant weapon {unknown}
 r - a scroll of enchant armour {unknown}
 s - a scroll of fear {unknown}
Potions
 e - a potion of haste {unknown}
 k - a potion of curing {unknown}
 m - 2 potions of degeneration {unknown}
 p - a potion of brilliance {unknown}
 q - a potion of flight {unknown}
 t - a potion of ambrosia {unknown}
 u - a potion of magic {unknown}
Comestibles
 c - 8 rations


   Skills:
 + Level 5.3 Fighting
 + Level 5.3 Long Blades
 + Level 4.4 Armour
 + Level 4.1 Dodging


You had 5 spell levels left.
You didn't know any spells.

Dungeon Overview and Level Annotations

Branches:
Dungeon (5/15)             Temple (0/1) D:4

Altars:
Elyvilon
Fedhas
Gozag
Hepliaklqana
Makhleb
Xom
Zin
The Shining One


Innate Abilities, Weirdness & Mutations

You reflexively headbutt those who attack you in melee.
You have a pair of horns on your head.


Message History

You start resting.
You are feeling hungry.
You start resting.
An orc wizard comes into view. It is wielding a dagger.
An orc wizard is nearby!
The orc wizard shouts!
You open the door.
There is an open door here.
The orc wizard points at you and mumbles some strange words.
You resist with some effort.
The orc wizard gestures at you while chanting.
The puff of flame hits you!
* * * LOW HITPOINT WARNING * * *
You hear a shout!
An orc comes into view.
Found an escape hatch in the floor.
An orc priest comes into view. It is wielding a dagger.
The orc priest mumbles some strange prayers to Beogh against you.
Beogh smites you!
You die...

.....o >....##
....... ......#
####......#
#.........#
#....o.....
#######@.......
###.....#.....#..
##.......#..#.##
...+.?...'..# #
≈.....)..#..# #
P.≈≈≈.P≈(...#.#
≈≈≈≈P≈≈≈.(.<..#
≈≈≈≈≈≈P≈P........#
≈≈≈≈≈≈≈≈P≈P≈.(...#


You could see an orc priest and an orc.

Vanquished Creatures
  A centaur (D:5)
  A crimson imp (D:3)
  An orc wizard (D:4)
  2 worker ants (D:4)
  7 adders
  4 worms
  2 dart slugs
  3 leopard geckos
  3 orcs (D:4)
  4 bats
  3 giant cockroaches
  4 hobgoblins
  2 kobolds (D:2)
  4 quokkas
  2 ball pythons
  A ball python skeleton (D:4)
  4 frilled lizards
  6 goblins
  A leopard gecko skeleton (D:4)
  8 rats
  A toadstool (D:1)
64 creatures vanquished.

Vanquished Creatures (others)
  3 toadstools (D:1)
3 creatures vanquished.

Grand Total: 67 creatures vanquished

Notes
Turn   | Place    | Note
-------+----------+-------------------------------------------
     0 | D:1      | b5mith the Minotaur Berserker began the quest for the Orb.
     0 | D:1      | Reached XP level 1. HP: 19/19 MP: 0/0
   392 | D:1      | Reached XP level 2. HP: 27/27 MP: 1/1
   869 | D:2      | Reached XP level 3. HP: 30/33 MP: 2/2
  1025 | D:2      | Reached XP level 4. HP: 41/41 MP: 3/3
  1044 | D:2      | Reached ** piety under Trog
  1305 | D:2      | Found a glowing golden altar of the Shining One.
  1305 | D:2      | Found a glowing silver altar of Zin.
  1305 | D:2      | Found a white marble altar of Elyvilon.
  1370 | D:3      | Found a blossoming altar of Fedhas.
  1565 | D:3      | Found a burning altar of Makhleb.
  1566 | D:3      | Found a shimmering altar of Xom.
  1578 | D:3      | Reached XP level 5. HP: 16/47 MP: 4/4
  1961 | D:3      | Found a hazy altar of Hepliaklqana.
  1962 | D:3      | Found an opulent altar of Gozag.
  2175 | D:4      | Reached skill level 5 in Fighting
  2175 | D:4      | Reached skill level 5 in Long Blades
  2555 | D:4      | Found a staircase to the Ecumenical Temple.
  2937 | D:5      | Entered Level 5 of the Dungeon
  2937 | D:5      | Noticed a centaur
  2951 | D:5      | Killed a centaur
  2951 | D:5      | Reached XP level 6. HP: 19/56 MP: 5/5
  2975 | D:5      | Killed from afar by an orc priest

Vault maps used:
D:1:      ldierk_water_garden
D:2:      good_gods_mini_temple, first_ration
D:3:      grunt_temple_overflow_champion_of_chaos, minitemple, fedhas_altar_3
D:4:      temple_pool_b
D:5:      enter_ossuary_3, chequers_big_river, hangedman_decor_peaks_small,
          lemuel_blue_sif_altar

Skill      XL: |  1  2  3  4  5 |
---------------+----------------+-----
Fighting       | 4 5 |  5.3
Long Blades    | 4 5 |  5.3
Armour         | 3 4 |  4.4
Dodging        | 3 4 |  4.1

Action                   |  1- 3 |  4- 6 || total
-------------------------+-------+-------++-------
Melee: Falchion          |    49 |    76 ||   125
       Headbutt          |     9 |    14 ||    23
Invok: Berserk           |       |     1 ||     1
  Eat: Chunk             |       |     7 ||     7
Armor: Animal skin       |     3 |       ||     3
       Ring mail         |       |    17 ||    17
Dodge: Dodged            |    45 |    43 ||    88
       Rpst.: Falchion   |    10 |    10 ||    20

Table legend:
 A = Spawn XP
 B = Non-spawn XP
 C = Spawn XP percentage of total XP
 D = Spawn monster count
 E = Non-spawn monster count
 F = Spawn count percentage of total count
 G = Total turns spent on level
                    A         B        C        D         E        F      G
               +---------+---------+-------+---------+---------+-------+---------
         Total |       0 |     473 |   0.0 |       0 |      63 |   0.0 |  2975
               +---------+---------+-------+---------+---------+-------+---------
           D:1 |       0 |      18 |   0.0 |       0 |      11 |   0.0 |   851
           D:2 |       0 |     109 |   0.0 |       0 |      23 |   0.0 |   519
           D:3 |       0 |      99 |   0.0 |       0 |      14 |   0.0 |   778
           D:4 |       0 |     127 |   0.0 |       0 |      13 |   0.0 |   789
           D:5 |       0 |     120 |   0.0 |       0 |       2 |   0.0 |    38
               +---------+---------+-------+---------+---------+-------+---------
